 Dungeon Crawl Stone Soup version 0.27.1-33-g824d729ab1 (webtiles) character file.

Game seed: 2698405604829517649

20 kringelbulle the Bolt Thrower (level 3, 0/21 HPs)
             Began as a Kobold Hunter on Dec 11, 2021.
             Succumbed to an adder's poison
             ... on level 1 of the Dungeon.
             The game lasted 00:17:00 (1014 turns).

kringelbulle the Bolt Thrower (Kobold Hunter)       Turns: 1014, Time: 00:17:01

Health: 0/21       AC:  4    Str:  9    XL:     3   Next: 0%
Magic:  3/3        EV: 14    Int: 12    God:
Gold:   43         SH:  0    Dex: 16    Spells: 2/2 levels left

rFire    . . .     SeeInvis .   b - +0 short sword
rCold    . . .     Faith    .   (shield restricted)
rNeg     . . .     Spirit   .   c - +0 leather armour
rPois    .         Reflect  .   (no helmet)
rElec    .         Harm     .   (no cloak)
rCorr    .         Rampage  .   h - +0 pair of gloves
Will     .....                  (no boots)
Stlth    +++.......             (no amulet)
HPRegen  0.07/turn              (no ring)
MPRegen  0.08/turn              (no ring)

@: lethally poisoned (0 -> -4)
A: small, no large weapons, nightstalker 3
a: no special abilities


You were on level 1 of the Dungeon.
You visited 1 branch of the dungeon, and saw 2 of its levels.

You collected 43 gold pieces.

Inventory:

Hand Weapons
 a - a +1 hand crossbow
 b - a +0 short sword (weapon)
 g - a +0 dagger
 j - a +0 hunting sling
Missiles
 d - 12 bolts
 e - 46 stones
 l - 12 poisoned darts
Armour
 c - a +0 leather armour (worn)
 h - a +0 pair of gloves (worn)
 k - a +0 leather armour
Scrolls
 m - a scroll of fog {unknown}
 n - a scroll of enchant weapon {unknown}
 o - a scroll of identify {unknown}
Potions
 f - a potion of resistance {unknown}
 i - a potion of curing {unknown}


   Skills:
 + Level 2.2 Fighting
 + Level 5.5 Crossbows
 + Level 0.2 Armour
 + Level 2.5 Dodging
 * Level 1.7 Stealth


You had 2 spell levels left.
You didn't know any spells.
Your spell library was empty.

Dungeon Overview and Level Annotations

Branches:
Dungeon (2/15)

Altars:

Shops:
D:1 !*


Innate Abilities, Weirdness & Mutations

You are small and have problems with some larger weapons.
You are completely attuned to the shadows.


Message History

You feel sick. The adder barely misses you.
The ball python bites you but does no damage.
The ball python closely misses you. The ball python misses you.
The ball python grabs you. The ball python constricts you.
The adder bites you but does no damage.
You hit the adder.
The adder is heavily wounded.
You feel sick.
You are no longer poisoned.
The adder bites you.
The ball python bites you but does no damage.
The ball python constricts you.
You escape the ball python's grasp.
The ball python bites you. The ball python grabs you.
The ball python constricts you.
You escape the ball python's grasp.
The adder barely misses you. The adder bites you.
* * * LOW HITPOINT WARNING * * *
The adder completely misses you. x2
The ball python closely misses you. The ball python misses you.
A hound skeleton comes into view.
The adder bites you.
* * * LOW HITPOINT WARNING * * *
The adder barely misses you.
The hound skeleton completely misses you.
The adder bites you.
* * * LOW HITPOINT WARNING * * *
The adder bites you but does no damage. The adder misses you.
There is a stone staircase leading up here.
The adder closely misses you.
You climb upwards.
There is a stone staircase leading down here.
The adder bites you but does no damage. x2
The adder misses you. The adder bites you.
* * * LOW HITPOINT WARNING * * *
You are lethally poisoned!
The adder poisons you!
* * * LOW HITPOINT WARNING * * *
You feel sick. The adder closely misses you.
You die...

## #.........### .#
#####........#..#
.#####.....###.......#
.......##............#
..........####.......#
.###....#.# ##.......#
.######.#.###........#
... #.......#.....##
##.####...####..@...##
........######.......#
...##..........S....∩#
#.....#######........#
#.#...#### ##.......##
#.........##.>##...##
..............######
.#............#
.............##


You could see an adder.

Vanquished Creatures
  2 bats (D:1)
  2 endoplasms (D:1)
  2 hobgoblins (D:1)
  2 jackals (D:1)
  2 quokkas (D:1)
  3 ball pythons
  A frilled lizard (D:1)
  2 goblins (D:1)
  A rat (D:1)
17 creatures vanquished.

Notes
Turn   | Place    | Note
-------+----------+-------------------------------------------
     0 | D:1      | kringelbulle the Kobold Hunter began the quest for the Orb.
     0 | D:1      | Reached XP level 1. HP: 12/12 MP: 1/1
   157 | D:1      | Reached skill level 5 in Crossbows
   405 | D:1      | Reached XP level 2. HP: 17/17 MP: 2/2
   614 | D:1      | Found Yxkol's Distillery.
   742 | D:1      | Found Suiwocoy's Assorted Antiques.
   923 | D:2      | Reached XP level 3. HP: 21/21 MP: 3/3
  1013 | D:1      | HP: 1/21 [poisoned by an adder]
  1014 | D:1      | Succumbed to an adder's poison

Illustrated notes

Levels and vault maps discovered:
D:1:      tarquinn_simple_flora_water_c, layout_rooms, serial_shops, shop,
          nicolae_lakefront_shop, grunt_decor_arrowhead, minmay_fountain_box,
          minmay_statues_item
D:2:      layout_loops_ring, basic_altar, corexii_corridor_pit,
          eino_tiny_chamber, minmay_box_of_dots, uniq_terence

Skill      XL: |  1 |
---------------+----+-----
Crossbows      | 5 |  5.5
Fighting       | |  2.2
Armour         | |  0.2
Dodging        | |  2.5
Stealth        | |  1.7

Action                   || total
-------------------------++-------
Melee: Short sword       ||     4
 Fire: Hand crossbow     ||    35
Armor: Leather armour    ||    10
Dodge: Dodged            ||    32
